 Dungeon Crawl Stone Soup version 0.31-a0-145-g046c7d2549 (webtiles) character file.

Game seed: 7253930280529153634

36 gelatine the Trooper (level 3, 0/29 HPs)
             Began as a Demonspawn Fighter on June 4, 2023.
             Frozen to death by an endoplasm (4 damage)
             ... on level 2 of the Dungeon.
             The game lasted 00:01:33 (450 turns).

gelatine the Trooper (Demonspawn Fighter)            Turns: 450, Time: 00:01:34

Health: 0/29       AC:  6    Str: 18    XL:     3   Next: 19%
Magic:  3/3        EV:  9    Int:  9    God:
Gold:   56         SH:  4    Dex: 12    Spells: 2/2 levels left

rFire   . . .        a - +0 war axe
rCold   . . .        c - +0 buckler
rNeg    . . .        b - +0 scale mail
rPois   .            (no helmet)
rElec   .            (no cloak)
rCorr   .            (no gloves)
SInv    .            (no boots)
Will    .....        (no amulet) Stlth
                     (no ring)
HPRegen 0.24/turn    (no ring)
MPRegen 0.16/turn

%: no passive effects
@: lethally poisoned (0 -> -2)
A: magic regeneration, weakness stinger 1
a: no special abilities


You were on level 2 of the Dungeon.
You visited 1 branch of the dungeon, and saw 2 of its levels.

You collected 56 gold pieces.

Inventory:

Hand Weapons
 a - a +0 war axe (weapon)
Armour
 b - a +0 scale mail (worn)
 c - a +0 buckler (worn)
Scrolls
 f - 2 scrolls of enchant armour {unknown}
 g - a scroll of amnesia {unknown}
 h - 2 scrolls of identify {unknown}
Potions
 d - a potion of might
 e - a potion of haste {unknown}


   Skills:
 * Level 3.3 Fighting
 * Level 2.4 Axes
 * Level 3.0 Armour
 * Level 0.2 Dodging
 * Level 2.9 Shields


You had 2 spell levels left.
You didn't know any spells.
Your spell library was empty.

Dungeon Overview and Level Annotations

Branches:
Dungeon (2/15)

Altars:


Innate Abilities, Weirdness & Mutations

You regenerate magic rapidly.
You have a small tail.


Message History

You block the adder's attack. You block the endoplasm's attack.
You block the adder's attack. The endoplasm closely misses you.
You closely miss the adder.
Your tail-slap misses the adder.
The adder is moderately wounded.
You hit the endoplasm but do no damage. The adder bites you but does no damage.
The endoplasm hits you. The adder bites you.
You miss the adder.
Your tail-slap misses the adder.
The adder is moderately wounded.
You hit the endoplasm but do no damage. The adder bites you.
The endoplasm hits you but does no damage.
The adder bites you.
You are poisoned.
The adder poisons you! The endoplasm freezes you.
You are frozen.
You slash the adder!
You kill the adder!
You hit the endoplasm.
You feel sick.
The endoplasm hits you but does no damage.
The ball python barely misses you. The ball python grabs you.
The ball python constricts you.
You have reached level 3!
Your experience leads to an increase in your attributes!
Increase (S)trength, (I)ntelligence, or (D)exterity?
You feel stronger. x2; Your demonic ancestry asserts itself...
Your magic begins to regenerate rapidly.
You closely miss the ball python. You hit the endoplasm.
You feel sick.
The endoplasm hits you but does no damage.
The ball python bites you.
* * * LOW HITPOINT WARNING * * *
The ball python constricts you.
You slash the ball python!
You kill the ball python!
You barely miss the endoplasm.
You feel sick. The endoplasm freezes you.
You are frozen.
* * * LOW HITPOINT WARNING * * *
The endoplasm freezes you.
You are frozen.
You die...

....... ....... ##
....... .. .......
.# ....... .#
.......##.#
#...gJ#.# # ###@#.#
.##.#.....#
........###
..#.#.#..#
.........#########
.##.#.............
#.....#...#######
...##.#............
.# #.###.#.#.#....


You could see an endoplasm and a goblin.

Vanquished Creatures
  An adder (D:2)
  A dart slug (D:1)
  5 endoplasms
  2 hobgoblins (D:1)
  6 ball pythons
  A bat (D:1)
  4 frilled lizards (D:1)
  3 kobolds (D:1)
  6 rats (D:1)
29 creatures vanquished.

Notes
Turn   | Place    | Note
-------+----------+-------------------------------------------
     0 | D:1      | gelatine the Demonspawn Fighter began the quest for the
                  | Orb.
     0 | D:1      | Reached XP level 1. HP: 18/18 MP: 1/1
    77 | D:1      | Gained mutation: You have a small tail. [demonic ancestry]
    77 | D:1      | Reached XP level 2. HP: 20/24 MP: 2/2
   217 | D:1      | Found a faded altar of an unknown god.
   449 | D:2      | Gained mutation: You regenerate magic rapidly. [demonic
                  | ancestry]
   449 | D:2      | Reached XP level 3. HP: 9/29 MP: 3/3
   450 | D:2      | Frozen to death by an endoplasm

Illustrated notes

Levels and vault maps discovered:
D:1:      dpeg_arrival_tiny_c, layout_rooms, shapermc_ecumenical_altar_pompeii
D:2:      layout_basic, serial_rivers, chequers_serial_rivers_small_b,
          chequers_serial_rivers_room_b, chequers_serial_rivers_small_a,
          chequers_serial_rivers_small_3, chequers_serial_rivers_micro_c,
          chequers_serial_rivers_micro_d

Skill      XL: |  1  2 |
---------------+-------+-----
Axes           | 2 |  2.4
Armour         | 3 |  3.0
Fighting       | |  3.3
Dodging        | |  0.2
Shields        | |  2.9

Action                     || total
---------------------------++-------
  Melee: War axe           ||    50
         Tailslap          ||     3
 Armour: Scale mail        ||    28
  Dodge: Dodged            ||    30
  Block: Buckler           ||    15

Table legend: (Time is in decaauts)
 A = Elapsed time spent in this place.
 B = Non-inter-level travel time spent in this place.
 C = Inter-level travel time spent in this place.
 D = Time resting spent in this place.
 E = Time spent auto-exploring this place.
 F = Levels seen in this place.
 G = Mean time per level.
                   A        B        C        D        E       F      G
               +--------+--------+--------+--------+--------+-----+--------+
         Total |    471 |    471 |      0 |      0 |    315 |   2 |  235.5 |
       Dungeon |    471 |    471 |      0 |      0 |    315 |   2 |  235.5 |
               +--------+--------+--------+--------+--------+-----+--------+

Top non-repeatable levels by time:
     D:1: 425 daAuts
     D:2: 45 daAuts
